 Dungeon Crawl Stone Soup version 0.26-a0-752-gcff87cac9a (webtiles) character file.

Game seed: 11991391108983237709

76220 Chiseanne the Grappler (level 15, -1/153 HPs)
             Began as a Troll Delver on Nov 6, 2020.
             Was a Priest of Trog.
             Slain by an eight-headed hydra (6 damage)
             ... on level 4 of the Lair of Beasts.
             The game lasted 01:22:41 (14332 turns).

Chiseanne the Grappler (Troll Delver)              Turns: 14332, Time: 01:22:41

Health: -1/153     AC: 14    Str: 42    XL:     15   Next: 11%
Magic:  14/14      EV: 15    Int:  4    God:    Trog [***...]
Gold:   1133       SH:  5    Dex: 11    Spells: 14/14 levels left

rFire    . . .     SeeInvis .   w - +0 giant spiked club
rCold    . . .     Faith    .   (shield currently unavailable)
rNeg     + . .     Spirit   .   d - +4 troll leather armour
rPois    +         Reflect  +   (helmet restricted)
rElec    .         Harm     .   s - +1 cloak
rCorr    .         Rampage  .   (gloves unavailable)
MR       +++..                  (boots unavailable)
Stlth    ++........             k - amulet of reflection
HPRegen  1.15/turn              G - ring "Farofitabb" {rPois rN+ MR++ Str+7 Int-2}
MPRegen  0.14/turn              r - +6 ring of strength

@: no status effects
A: large, unfitting armour, claws 3, regeneration 1, shaggy fur 1, tough skin 3
a: Berserk, Trog's Hand, Renounce Religion


You were on level 4 of the Lair of Beasts.
You worshipped Trog.
Trog was most pleased with you.
You visited 4 branches of the dungeon, and saw 21 of its levels.
You also visited: Bailey and Gauntlet.

You collected 2032 gold pieces.
You spent 899 gold pieces at shops.

Inventory:

Hand Weapons
 a - a +2 long sword of flaming
 p - a +2 morningstar of holy wrath
 v - a +3 battleaxe of electrocution
 w - a +0 giant spiked club (weapon)
 z - the +7 hand axe of the Skies Above {freeze, *Drain rPois rN+ SInv}
   (You found it on level 4 of the Lair of Beasts)

   It has been specially enchanted to freeze those struck by it, causing extra
   injury to most foes and up to half again as much damage against particularly
   susceptible opponents.
   It can also slow down cold-blooded creatures.
   It protects you from poison.
   It protects you from negative energy.
   It lets you see invisible.
   It causes draining when unequipped.
Missiles
 c - 3 throwing nets
 n - 6 silver boomerangs
 t - 27 boomerangs (quivered)
 y - 14 poisoned darts
 A - 26 large rocks
 P - 8 atropa-tipped darts
 R - 15 javelins
Armour
 d - a +4 troll leather armour (worn)
 q - the +1 robe of the Guild-Master {rN+ Int+3}
   (You found it on level 9 of the Dungeon)

   It affects your intelligence (+3).
   It protects you from negative energy.
 s - a +1 cloak (worn)
 x - the +3 robe of Folly {Archmagi, MR-- Int+5}
   (You found it in a bailey)

   It affects your intelligence (+5).
   It affects your resistance to hostile enchantments.
 C - +0 acid dragon scales
 K - a +2 robe of cold resistance
Jewellery
 k - an amulet of reflection (around neck)
 l - an uncursed ring of flight
 o - an uncursed ring of protection from fire
 r - a +6 ring of strength (right claw)
 G - the ring "Farofitabb" (left claw) {rPois rN+ MR++ Str+7 Int-2}
   (You acquired it on level 12 of the Dungeon)

   [ring of poison resistance]

   It affects your strength (+7).
   It affects your intelligence (-2).
   It protects you from poison.
   It protects you from negative energy.
   It affects your resistance to hostile enchantments.
 L - the ring "Acifutee" {*Slow +Inv rN+ Str+2 Dex+6}
   (You took it off a skeletal warrior on level 13 of the Dungeon)

   [ring of dexterity]

   It affects your strength (+2).
   It affects your dexterity (+6).
   It protects you from negative energy.
   It lets you turn invisible.
   It may slow you when you take damage.
 N - a +6 ring of intelligence
 Y - a +4 ring of evasion
Wands
 f - a wand of digging (7)
 S - a wand of enslavement (8)
 U - a wand of flame (14)
Scrolls
 b - 4 scrolls of fog
 i - 6 scrolls of teleportation
 m - 4 scrolls of immolation
 u - 5 scrolls of remove curse
 D - 3 scrolls of identify
 E - a scroll of magic mapping
 F - 2 scrolls of silence
 H - 2 scrolls of blinking
 X - a scroll of vulnerability
Potions
 e - 2 potions of attraction
 g - 2 potions of might
 h - 4 potions of cancellation
 j - 3 potions of lignification
 B - 3 potions of mutation
 I - 5 potions of curing
 J - 7 potions of ambrosia
 M - a potion of flight
 V - a potion of haste
 W - a potion of heal wounds
Miscellaneous
 T - a box of beasts (inert)


   Skills:
 * Level 11.0 Fighting
 * Level 11.3 Throwing
 * Level 2.9 Armour
 * Level 11.1 Dodging
 - Level 4.8 Stealth
 - Level 12.3 Unarmed Combat
   Level 9.2 Transmutations


You had 14 spell levels left.
You didn't know any spells.
Your spell library contained the following spells:

 Spells                   Type           Power        Failure   Level
 Passwall                 Tmut/Erth      #.......     14%         2
 Animate Skeleton         Necr           #.....       52%         1
 Apportation              Tloc           #.....       52%         1
 Corona                   Hex            #......      52%         1
 Freeze                   Ice            #...         52%         1
 Magic Dart               Conj           #...         52%         1
 Sandblast                Erth           #.....       52%         1
 Shock                    Conj/Air       #...         52%         1
 Summon Small Mammal      Summ           #...         52%         1
 Blink                    Tloc           N/A          67%         2
 Call Imp                 Summ           #.......     67%         2
 Searing Ray              Conj           #.....       67%         2
 Slow                     Hex            #.......     67%         2
 Swiftness                Air            #.......     67%         2
 Petrify                  Tmut/Erth      #.......     67%         4
 Conjure Flame            Conj/Fire      #.......     88%         3
 Dazzling Flash           Conj/Hex       #.....       88%         3
 Frozen Ramparts          Ice            #.....       88%         3
 Mephitic Cloud           Conj/Pois/Air  #.......     88%         3
 Ozocubu's Armour         Ice            #.......     88%         3
 Static Discharge         Conj/Air       #.......     88%         3
 Stone Arrow              Conj/Erth      #.....       88%         3
 Airstrike                Air            #.........   99%         4
 Fulminant Prism          Conj/Hex       #.........   99%         4
 Hailstorm                Conj/Ice       #.......     99%         4
 Iskenderun's Mystic Bla  Conj/Tloc      #.......     99%         4
 Summon Ice Beast         Ice/Summ       #.......     99%         4
 Lee's Rapid Deconstruct  Erth           #.........   100%        5
 Lightning Bolt           Conj/Air       #.........   100%        5


Dungeon Overview and Level Annotations

Branches:
Dungeon (15/15)            Temple (1/1) D:4            Lair (4/6) D:10
 Shoals (0/4) Lair:2          Orc (2/2) D:10         Vaults (0/5) D:13
 Depths (0/5) D:15         Bailey (visited)         Gauntlet (visited)
  Snake: Lair:2-4    Spider: Lair:2-4       Elf: Orc:2

Altars:
Ashenzari
Cheibriados
Dithmenos
Elyvilon
Fedhas
Hepliaklqana
Kikubaaqudgha
Makhleb
Nemelex Xobeh
Okawaru
Qazlal
Ru
Sif Muna
Trog
Uskayaw
Vehumet
Wu Jian
Xom
Yredelemnul
Zin
The Shining One
Beogh

Shops:
D:12 *??   Orc:2 (*:[

Annotations:
D:4 3 runed translucent doors, RaHiT's ghost, amateur DsCK
D:8 Harold


Innate Abilities, Weirdness & Mutations

You are too large for most types of armour.
You have claws for hands.
Your natural rate of healing is unusually fast.
You are covered in fur. (AC +1)
You have extremely tough skin. (AC +3)


Message History

The eight-headed hydra is severely wounded.
The eight-headed hydra bites you.
The eight-headed hydra barely misses you.
The eight-headed hydra closely misses you.
The eight-headed hydra bites you!
The eight-headed hydra bites you but does no damage.
The eight-headed hydra barely misses you. x2
The eight-headed hydra bites you!
* * * LOW HITPOINT WARNING * * *
The eight-headed hydra misses you. The eight-headed hydra bites you!
* * * LOW HITPOINT WARNING * * *
You block the eight-headed hydra's attack.
The eight-headed hydra bites you!
* * * LOW HITPOINT WARNING * * *
The eight-headed hydra bites you!
* * * LOW HITPOINT WARNING * * *
The eight-headed hydra barely misses you.
The eight-headed hydra completely misses you.
The eight-headed hydra bites you.
You die...

##...#.# #####.......#
#....### #...........###
#...## #####............#
...## #.##.............#
...## ###....P#..>...†...#
..#.# ##....#?....†.......#
...## ##......#............#
..## ###.....##...........#.#
######....####..@..........##
...#....P#####..D........###
.......#####........#..###
#P###..####........##### ###
#...##........##
##P.........### ##.........#
###.......## #..#......#


You could see an eight-headed hydra.

Vanquished Creatures
  Kirke (Lair:4)
  An orc warlord (Orc:2)
  A minotaur (Gauntlet)
  An ettin (D:15)
  Fannar (Lair:2)
  A vault guard (D:13)
  3 boulder beetles
  2 hydras
  6 two-headed ogres
  8 centaur warriors
  A death knight (D:13)
  2 death yaks (Lair:3)
  A queen ant (Lair:3)
  A tengu warrior (D:15)
  2 orc high priests
  A wretched star (Gauntlet)
  4 unseen horrors
  A sixfirhy (Gauntlet)
  4 skeletal warriors (D:13)
  5 orc knights
  A harpy (D:15)
  2 deep elf magi
  A manticore (D:12)
  2 ugly things
  5 cyclopes
  A merfolk siren (Lair:2)
  3 orc sorcerers
  A torpor snail (Lair:3)
  6 black mambas
  2 centaur zombies
  5 elephants (Lair:3)
  8 cane toads
  4 komodo dragons
  6 yaktaurs (D:15)
  2 rime drakes (Lair:2)
  10 trolls
  3 meliai (D:15)
  A polar bear (Lair:4)
  A queen bee (D:15)
  12 slime creatures
  3 blink frogs (Lair:3)
  A centaur simulacrum (Gauntlet)
  6 wyverns
  46 yaks
  A vampire (D:10)
  4 wraiths
  A water elemental (D:14)
  A hog (Lair:4)
  2 basilisks
  A neqoxec (Gauntlet)
  2 vampire mosquitoes (D:13)
  Menkaure (D:4)
  3 wargs
  2 soldier ants (Lair:3)
  A swamp worm (Lair:4)
  7 water moccasins
  3 acid dragons
  A hydra simulacrum (Gauntlet)
  An ice beast (D:13)
  27 orc warriors
  A sky beast (D:9)
  A black bear (D:10)
  2 phantoms
  A necrophage (D:14)
  8 ogres
  18 wolves
  22 centaurs
  Blork the orc (Orc:2)
  A small abomination (Gauntlet)
  2 big kobolds
  16 bullfrogs
  A wyvern zombie (D:12)
  8 gnoll sergeants (Bailey)
  A wyvern skeleton (D:12)
  A hornet simulacrum (Gauntlet)
  3 scorpions
  A water moccasin skeleton (D:8)
  17 killer bees
  6 howler monkeys
  5 wights (D:9)
  3 electric eels
  6 hounds
  7 jellies
  A bullfrog skeleton (D:13)
  9 orc priests
  A quasit (D:10)
  4 centaur skeletons
  6 gnoll shamans (Bailey)
  16 orc wizards
  5 iguanas
  4 hell rats (Lair:4)
  37 worker ants
  A howler monkey zombie (D:11)
  14 gnolls (Bailey)
  A howler monkey skeleton (D:4)
  4 adders
  A shadow imp (D:10)
  A white imp (D:10)
  4 ufetubi
  An ooze (D:5)
  5 adder skeletons
  4 worms
  5 leopard geckos
  69 orcs
  3 giant cockroaches
  2 goblins (D:3)
  2 hobgoblins (D:2)
  8 jackals
  A ball python (D:3)
  5 bats
  3 frilled lizards (D:4)
  7 kobolds
  A rat (D:2)
594 creatures vanquished.

Vanquished Creatures (collateral kills)
  A komodo dragon (Lair:3)
  A tyrant leech (Lair:4)
  A soldier ant (Lair:3)
3 creatures vanquished.

Vanquished Creatures (others)
  3 humans (Lair:4)
  A soldier ant (Lair:3)
  A centaur (D:15)
  An orc (D:10)
  A bush (Lair:4)
  14 demonic plants (Gauntlet)
  21 fungi
  48 plants
90 creatures vanquished.

Grand Total: 687 creatures vanquished

Notes
Turn   | Place    | Note
-------+----------+-------------------------------------------
     0 | D:5      | Chiseanne the Troll Delver began the quest for the Orb.
     0 | D:5      | Reached XP level 1. HP: 22/22 MP: 0/0
    35 | D:5      | Noticed an ogre
    35 | D:5      | Noticed a worker ant
    42 | D:5      | Noticed a worker ant
    47 | D:5      | Killed a worker ant
    47 | D:5      | Reached XP level 2. HP: 11/29 MP: 1/1
    55 | D:5      | Killed an ogre
    55 | D:5      | Reached XP level 3. HP: 7/37 MP: 2/2
    55 | D:5      | Reached XP level 4. HP: 9/45 MP: 3/3
    59 | D:5      | Reached skill level 3 in Unarmed Combat
    85 | D:5      | Reached XP level 5. HP: 9/53 MP: 4/4
   679 | D:4      | Found a staircase to the Ecumenical Temple.
   689 | Temple   | Entered the Ecumenical Temple
   794 | D:4      | Noticed a phantom
   936 | D:4      | Killed a phantom
   936 | D:4      | Reached XP level 6. HP: 58/61 MP: 5/5
   982 | D:4      | Found a runed translucent gate.
   982 | D:4      | Found a runed translucent gate.
   982 | D:4      | Found a runed translucent gate.
   982 | D:4      | Noticed RaHiT's ghost (amateur DsCK)
   989 | D:4      | Noticed Menkaure
  1007 | D:4      | Killed Menkaure
  1007 | D:4      | Reached skill level 4 in Unarmed Combat
  1227 | D:5      | Reached XP level 7. HP: 67/68 MP: 6/6
  2112 | D:7      | Reached XP level 8. HP: 74/79 MP: 7/7
  2203 | D:9      | Got a heavy robe
  2240 | D:9      | Identified the +1 robe of the Guild-Master {rN+ Int+3} (You
                  | found it on level 9 of the Dungeon)
  2279 | D:8      | Reached skill level 5 in Unarmed Combat
  2419 | D:9      | Reached skill level 5 in Fighting
  2532 | D:9      | Noticed a troll
  2543 | D:8      | Reached skill level 6 in Unarmed Combat
  2546 | D:8      | Noticed Harold
  2654 | D:10     | Entered Level 10 of the Dungeon
  2677 | D:10     | Reached skill level 5 in Dodging
  2703 | D:10     | Found a staircase to the Orcish Mines.
  2716 | D:10     | Reached XP level 9. HP: 82/88 MP: 8/8
  2753 | D:10     | Noticed a troll
  2924 | D:10     | Noticed a troll
  2939 | D:10     | Killed a troll
  3072 | D:10     | Killed a troll
  3085 | D:10     | Reached skill level 1 in Throwing
  3092 | D:10     | Reached skill level 7 in Unarmed Combat
  3372 | D:10     | Reached XP level 10. HP: 95/100 MP: 9/9
  3856 | D:10     | Found a staircase to the Lair.
  4026 | D:11     | Found a flagged portal.
  4036 | Bailey   | Entered a bailey
  4171 | Bailey   | Reached skill level 8 in Unarmed Combat
  4445 | Bailey   | Found the +3 robe of Folly {Archmagi, MR-- Int+5}
  4520 | D:11     | Noticed a brown ugly thing
  4551 | D:11     | Killed a brown ugly thing
  4934 | D:11     | Found an iron altar of Okawaru.
  5072 | D:11     | Noticed a cyclops
  5086 | D:11     | Killed a cyclops
  5126 | D:11     | Reached skill level 9 in Unarmed Combat
  5255 | D:11     | Killed an unseen horror
  5255 | D:11     | Reached XP level 11. HP: 43/111 MP: 10/10
  5420 | D:12     | Found Hantogra's Magic Scroll Boutique.
  5423 | D:12     | Bought a scroll of teleportation for 48 gold pieces
  5423 | D:12     | Bought a scroll of teleportation for 48 gold pieces
  5423 | D:12     | Bought a scroll of fog for 32 gold pieces
  5423 | D:12     | Bought a scroll of identify for 32 gold pieces
  5423 | D:12     | Bought a scroll of magic mapping for 56 gold pieces
  5423 | D:12     | Bought a scroll of silence for 120 gold pieces
  5423 | D:12     | Bought a scroll of enchant armour for 120 gold pieces
  5423 | D:12     | Bought a scroll of fog for 32 gold pieces
  5450 | D:12     | Found Hafiq's Magic Scroll Shop.
  5462 | D:12     | Found Tatzett's Assorted Antiques.
  5467 | D:12     | Bought a scroll of teleportation for 54 gold pieces
  5472 | D:12     | Noticed a two-headed ogre
  5478 | D:12     | Killed a two-headed ogre
  5485 | D:12     | Bought a scroll of blinking for 97 gold pieces
  5485 | D:12     | Bought a scroll of teleportation for 39 gold pieces
  5485 | D:12     | Bought a scroll of identify for 26 gold pieces
  5485 | D:12     | Bought a scroll of identify for 26 gold pieces
  5503 | D:12     | Identified a scroll of acquirement
  5503 | D:12     | Acquired the ring "Farofitabb" {rPois rN+ MR++ Str+7 Int-2}
  5534 | D:12     | Noticed a boulder beetle
  5543 | D:12     | Killed a boulder beetle
  5920 | D:13     | Noticed a centaur warrior
  5935 | D:13     | Reached skill level 10 in Unarmed Combat
  5953 | D:13     | Killed a centaur warrior
  6010 | D:13     | Noticed a centaur warrior
  6028 | D:13     | Killed a centaur warrior
  6028 | D:13     | Reached skill level 5 in Throwing
  6136 | D:13     | Reached XP level 12. HP: 123/123 MP: 11/11
  6200 | D:13     | Noticed a seven-headed hydra
  6205 | D:13     | Killed a seven-headed hydra
  6313 | D:13     | Noticed a centaur warrior
  6320 | D:13     | Killed a centaur warrior
  6425 | D:13     | Noticed a two-headed ogre
  6445 | D:13     | Killed a two-headed ogre
  6445 | D:13     | Reached skill level 11 in Unarmed Combat
  6545 | D:13     | Noticed a death knight
  6645 | D:13     | Identified the ring "Acifutee" {*Slow +Inv rN+ Str+2 Dex+6}
  6653 | D:13     | Noticed a vault guard
  6676 | D:13     | Killed a vault guard
  6676 | D:13     | Reached skill level 10 in Fighting
  6720 | D:13     | Killed a death knight
  6837 | D:13     | Found a gate to the Vaults.
  6907 | D:14     | Found a gate leading to a gauntlet.
  7045 | D:14     | Noticed a two-headed ogre
  7051 | D:14     | Killed a two-headed ogre
  7051 | D:14     | Reached skill level 10 in Dodging
  7074 | D:14     | Reached XP level 13. HP: 91/133 MP: 12/12
  7342 | D:14     | Acquired a manual of Transmutations
  7373 | D:15     | Entered Level 15 of the Dungeon
  7402 | D:15     | Noticed an ettin
  7433 | Gauntlet | Entered a Gauntlet
  7433 | Gauntlet | Found a transporter.
  7433 | Gauntlet | Found a transporter.
  7478 | Gauntlet | Found a transporter.
  7478 | Gauntlet | Found a transporter.
  7480 | Gauntlet | Found a large runed translucent door.
  7481 | Gauntlet | Found a large runed translucent door.
  7482 | Gauntlet | Found a large runed translucent door.
  7482 | Gauntlet | Found a large runed translucent door.
  7482 | Gauntlet | Found a runed translucent door.
  7482 | Gauntlet | Found a runed translucent door.
  7483 | Gauntlet | Found a large runed translucent door.
  7483 | Gauntlet | Found a large runed translucent door.
  7483 | Gauntlet | Found a large runed translucent door.
  7483 | Gauntlet | Found a large runed translucent door.
  7484 | Gauntlet | Found a large runed translucent door.
  7485 | Gauntlet | Found a transporter.
  7485 | Gauntlet | Found a large runed translucent door.
  7498 | Gauntlet | Found a large runed translucent door.
  7498 | Gauntlet | Found a large runed translucent door.
  7499 | Gauntlet | Found a large runed translucent door.
  7499 | Gauntlet | Found a large runed translucent door.
  7499 | Gauntlet | Found a large runed translucent door.
  7499 | Gauntlet | Found a large runed translucent door.
  7502 | Gauntlet | Found a runed translucent gate.
  7502 | Gauntlet | Found a runed translucent gate.
  7502 | Gauntlet | Found a runed translucent gate.
  7504 | Gauntlet | Found a transporter.
  7504 | Gauntlet | Identified the ring of Upsiep {SInv Stlth+}
  7504 | Gauntlet | Noticed an entropy weaver
  7511 | Gauntlet | Found a transporter.
  7514 | Gauntlet | Noticed a green death
  7517 | Gauntlet | Found a transporter.
  7519 | Gauntlet | Found a transporter.
  7550 | Gauntlet | Found a transporter.
  7663 | Gauntlet | Found a transporter.
  7676 | Gauntlet | Found a transporter.
  7919 | Gauntlet | Reached skill level 5 in Transmutations
  8023 | Gauntlet | Noticed a minotaur
  8036 | Gauntlet | Killed a minotaur
  8647 | D:15     | Got a pitted scythe
  8987 | D:15     | Killed an ettin
  9003 | D:15     | Reached skill level 12 in Unarmed Combat
  9306 | D:15     | Found a staircase to the Depths.
  9309 | D:15     | Identified the +5 scythe "Zod Paimm" {vorpal, *Corrode
                  | Int+8} (You found it on level 15 of the Dungeon)
  9427 | Orc:1    | Entered Level 1 of the Orcish Mines
  9526 | Orc:1    | Reached XP level 14. HP: 144/144 MP: 13/13
  9609 | Orc:2    | Entered Level 2 of the Orcish Mines
  9878 | Orc:2    | Noticed Blork the orc
 10072 | Orc:2    | Killed Blork the orc
 10185 | Orc:2    | Found a roughly hewn altar of Beogh.
 10213 | Orc:2    | Noticed an orc warlord
 10217 | Orc:2    | Killed an orc warlord
 10228 | Orc:2    | Found Fekak's General Store.
 10238 | Orc:2    | Bought a scroll of teleportation for 39 gold pieces
 10238 | Orc:2    | Bought a potion of might for 52 gold pieces
 10238 | Orc:2    | Bought a potion of curing for 39 gold pieces
 10238 | Orc:2    | Bought a scroll of teleportation for 39 gold pieces
 10253 | Orc:2    | Found Repuuc's Antique Armour Emporium.
 10269 | Orc:2    | Found Cigg's Book Emporium.
 10284 | Orc:2    | Found Zohoe's Antique Weapon Emporium.
 10561 | Lair:1   | Entered Level 1 of the Lair of Beasts
 10855 | Temple   | Became a worshipper of Trog the Wrathful
 11479 | Lair:2   | Noticed Fannar
 11493 | Lair:2   | Reached skill level 10 in Throwing
 11512 | Lair:2   | Killed Fannar
 11878 | Lair:2   | Found a staircase to the Shoals.
 11984 | Lair:3   | Reached * piety under Trog
 12340 | Lair:3   | Found a glowing golden altar of the Shining One.
 12436 | Lair:3   | Reached skill level 1 in Armour
 12727 | Lair:3   | Reached ** piety under Trog
 13491 | Lair:4   | Got a bloodstained short sword
 13493 | Lair:4   | Identified the cursed +1 short sword of Fatigue {freeze,
                  | rF+} (You found it on level 4 of the Lair of Beasts)
 13550 | Lair:4   | Noticed Kirke
 13566 | Lair:4   | Killed Kirke
 13566 | Lair:4   | Reached XP level 15. HP: 141/152 MP: 14/14
 13732 | Lair:4   | Reached *** piety under Trog
 13808 | Lair:4   | Got a jewelled hand axe
 13825 | Lair:4   | Identified the +7 hand axe of the Skies Above {freeze,
                  | *Drain rPois rN+ SInv} (You found it on level 4 of the Lair
                  | of Beasts)
 13923 | Lair:4   | HP: 5/152 [tyrant leech (25)]
 14332 | Lair:4   | HP: 5/153 [eight-headed hydra (9)]
 14332 | Lair:4   | Slain by an eight-headed hydra

Illustrated notes

Levels and vault maps discovered:
D:2:      layout_basic
D:3:      layout_rooms
D:4:      layout_rooms, old_standard_altar, minmay_temple_entry_statues_pillars,
          ebering_ghost_rock_garden, uniq_menkaure
D:5:      layout_loops_ring, hangedman_decor_diamond_cutter,
          minmay_misc_feat_four_crosses
D:6:      layout_loops_ring, uniq_eustachio
D:7:      layout_basic, uniq_joseph
D:8:      layout_basic, uniq_harold
D:9:      layout_irregular_city, serial_column_ruins, column_ruins_hut,
          column_ruins_grid_2, column_ruins_corridor_corner,
          column_ruins_grid_1, column_ruins_grid_1, column_ruins_grid_3,
          column_ruins_columns_straight, column_ruins_open_small_water
D:10:     minmay_the_grid_square_5x5_3x3
          [minmay_the_grid_square_5x5_doubleslash,
          minmay_the_grid_square_5x5_two, minmay_the_grid_square_5x5_shrine1,
          minmay_the_grid_square_5x5_tetrominoes,
          minmay_the_grid_square_5x5_megaprize_checkered,
          minmay_the_grid_square_5x5_forky,
          minmay_the_grid_square_5x5_hourglass,
          minmay_the_grid_square_5x5_two_walls_a,
          minmay_the_grid_square_5x5_hollow_slash], layout_basic, david_orc_2,
          lemuel_old_faithful
D:11:     layout_layer_cave, enter_bailey_6, okawaru_ov_weapons_minmay
D:12:     layout_irregular_city, serial_shops, kennysheep_little_box,
          nicolae_shop_trees, shop_fountains, kennysheep_mini_moat,
          enter_trove_0, bh_walls_and_bars
D:13:     layout_roguey, david_vaults_5, small_chamber_with_monster,
          minmay_misc_feat_hallway
D:14:     layout_loops_ring, serial_bayou, serial_bayou_pond_b,
          serial_bayou_ford_a, serial_bayou_shore_a, serial_bayou_pond_d,
          serial_bayou_pond_c, serial_bayou_shore_b, gauntlet_entry_generic,
          minmay_fountain_box, kennysheep_four_rooms
D:15:     hangedman_depths_entry_civil_slaughter, layout_gridville, special_room
          [special_room_bee], chequers_serial_rivers_large_b, lightli_minifort
Temple:   grunt_wide_crystal_templ
Lair:1:   layout_concentric_octagons
Lair:2:   layout_cave_shapes, minmay_shoals_entry_lonely_mermaid,
          lemuel_fruit_tree, grunt_megastairs_4, uniq_fannar
Lair:3:   layout_small_grid, basic_altar, zaba_antful_of_joy, grunt_megastairs_2
Lair:4:   layout_cave_pods, palyth_hydra_swamp_entry, uniq_kirke
Orc:1:    layout_diamond_mine
Orc:2:    grunt_orc_cross, layout_caves

Skill      XL: |  1  2  3  4  5  6  7  8  9 10 11 12 13 14 15 |
---------------+----------------------------------------------+-----
Fighting       | 3 4 5 6 7 9 10 11 | 11.0
Dodging        | 2 3 4 5 6 7 8 10 11 | 11.1
Stealth        | 3 4 |  4.8
Unarmed Combat | 3 4 6 7 9 10 11 12 | 12.3
Throwing       | 2 3 5 6 11 | 11.3
Transmutations | 9 |  9.2
Armour         | 2 |  2.9

Action                   |  1- 3 |  4- 6 |  7- 9 | 10-12 | 13-15 || total
-------------------------+-------+-------+-------+-------+-------++-------
Melee: Unarmed           |    20 |   143 |   251 |   634 |   917 ||  1965
       Punch             |       |     1 |     8 |    49 |    65 ||   123
       Giant spiked club |       |       |       |       |    11 ||    11
Throw: Stone             |       |       |    12 |     7 |       ||    19
       Boomerang         |       |       |     1 |    48 |   142 ||   191
       Throwing net      |       |       |       |     6 |     1 ||     7
       Large rock        |       |       |       |    17 |    30 ||    47
Evoke: Wand              |       |       |     4 |    17 |     2 ||    23
       Box of beasts     |       |       |       |       |     1 ||     1
  Use: Scroll            |       |     7 |     8 |    10 |    20 ||    45
       Potion            |       |       |     1 |       |       ||     1
 Stab: Sleeping          |       |     2 |     7 |     6 |     5 ||    20
       Distracted        |       |       |     1 |     1 |     1 ||     3
       Held in net/web   |       |       |       |     1 |       ||     1
Armor: Robe              |     3 |    77 |    34 |       |       ||   114
       Troll leather arm |       |       |    23 |   183 |   234 ||   440
Dodge: Dodged            |    10 |   102 |   124 |   369 |   799 ||  1404
Block: Other             |       |       |       |       |    27 ||    27

Table legend: (Time is in decaauts)
 A = Elapsed time spent in this place.
 B = Non-inter-level travel time spent in this place.
 C = Inter-level travel time spent in this place.
 D = Time resting spent in this place.
 E = Time spent auto-exploring this place.
 F = Levels seen in this place.
 G = Mean time per level.
                   A        B        C        D        E       F      G
               +--------+--------+--------+--------+--------+-----+--------+
         Total |  14095 |  13023 |   1072 |   1857 |   2434 |  23 |  612.8 |
       Dungeon |   8538 |   7625 |    913 |    855 |    600 |  14 |  609.9 |
        Temple |    184 |    166 |     18 |     79 |     71 |   1 |  184.0 |
          Lair |   3275 |   3184 |     91 |    490 |   1649 |   4 |  818.8 |
  Orcish Mines |   1032 |    984 |     48 |    119 |    114 |   2 |  516.0 |
        Bailey |    453 |    453 |      0 |     52 |      0 |   1 |  453.0 |
      Gauntlet |    611 |    611 |      0 |    260 |      0 |   1 |  611.0 |
               +--------+--------+--------+--------+--------+-----+--------+

Top non-repeatable levels by time:
  Lair:3: 1477 daAuts
    D:10: 1415 daAuts
    D:15: 1232 daAuts
    D:13: 945 daAuts
     D:5: 875 daAuts
  Lair:4: 868 daAuts
    D:11: 842 daAuts
    D:14: 642 daAuts
   Orc:2: 624 daAuts
Gauntlet: 611 daAuts
    D:12: 603 daAuts
     D:8: 491 daAuts
  Lair:2: 480 daAuts
  Bailey: 453 daAuts
  Lair:1: 450 daAuts
